 Dungeon Crawl Stone Soup version 0.21.1-68-g103a7af (webtiles) character file.

2879 teukkam the Fighter (level 9, 0/86 HPs)
             Began as a Minotaur Berserker on July 31, 2018.
             Was an Elder of Trog.
             Slain by a troll (3 damage)
             ... on level 8 of the Dungeon on Aug 2, 2018.
             The game lasted 00:24:26 (4808 turns).

teukkam the Fighter (Minotaur Berserker)            Turns: 4808, Time: 00:24:27

Health: 0/86       AC:  8    Str: 25    XL:     9   Next: 48%
Magic:  8/8        EV: 10    Int:  4    God:    Trog [****..]
Gold:   279        SH:  0    Dex: 10    Spells: 8/8 levels left

rFire    . . .     SeeInvis +   a - +0 short sword (venom)
rCold    . . .     Gourm    .   (no shield)
rNeg     + . .     Faith    .   y - +0 scale mail
rPois    .         Spirit   .   (helmet restricted)
rElec    .         Reflect  .   t - +0 cloak
rCorr    .         Harm     .   (no gloves)
MR       .....                  o - +0 pair of boots
Stlth    ..........             (no amulet)
HPRegen  0.24/turn              f - ring of see invisible
MPRegen  0.11/turn              A - ring of positive energy

@: no status effects
A: retaliatory headbutt, horns 2
a: Berserk, Trog's Hand, Brothers in Arms, Burn Spellbooks, Renounce Religion


You were on level 8 of the Dungeon.
You worshipped Trog.
Trog was greatly pleased with you.
You were not hungry.

You visited 1 branch of the dungeon, and saw 8 of its levels.

You collected 279 gold pieces.

Inventory:

Hand Weapons
 a - a +0 short sword of venom (weapon)
 b - a +0 blowgun
 c - a +0 hand crossbow
 d - a +0 war axe
 i - a +0 hand axe
 l - a +0 dagger of holy wrath
 r - a +1 short sword of speed
Missiles
 j - 75 bolts
 p - 10 poisoned needles
Armour
 o - a +0 pair of boots (worn)
 t - a +0 cloak (worn)
 y - a +0 scale mail (worn)
Magical Staves
 g - an uncursed staff of energy {unknown}
Jewellery
 f - a ring of see invisible (left hand)
 A - a ring of positive energy (right hand)
 F - an uncursed ring of flight
Wands
 m - a wand of iceblast (9)
 w - a wand of polymorph (8)
 B - a wand of disintegration (12)
Scrolls
 e - 3 scrolls of magic mapping
 q - 6 scrolls of identify
 z - a scroll of blinking
 D - a scroll of teleportation
 G - 2 scrolls of remove curse
Potions
 h - 2 potions of curing {unknown}
 k - 4 potions of flight {unknown}
 n - 3 potions of lignification {unknown}
 s - 2 potions of brilliance {unknown}
 v - 3 potions of magic {unknown}
 x - a potion of haste {unknown}
Comestibles
 C - 4 rations
 E - 11 chunks of flesh


   Skills:
 + Level 10.9 Fighting
 + Level 8.6 Short Blades
 - Level 5.6 Axes
 + Level 4.6 Crossbows
 - Level 2.4 Armour
 - Level 2.1 Dodging


You had 8 spell levels left.
You didn't know any spells.

Dungeon Overview and Level Annotations

Branches:
Dungeon (8/15)
 Temple: D:4-7         Lair: D:8-11

Altars:
Ashenzari
Kikubaaqudgha
Makhleb
Wu Jian
Xom
The Shining One


Innate Abilities, Weirdness & Mutations

You reflexively headbutt those who attack you in melee.
You have a pair of horns on your head.


Message History

* * * LOW HITPOINT WARNING * * *
The troll claws you but does no damage. The troll claws you.
* * * LOW HITPOINT WARNING * * *
You feel much better. The troll bites you!
* * * LOW HITPOINT WARNING * * *
The troll claws you but does no damage. The troll claws you.
* * * LOW HITPOINT WARNING * * *
The orc wizard mumbles some strange words.
The orc wizard flickers and vanishes for a moment.
You puncture the troll!
The troll looks as sick as possible!
The troll is almost dead.
You kill the orc wizard!
Trog accepts your kill.
Trog appreciates your killing of a magic user.
The troll bites you!
* * * LOW HITPOINT WARNING * * *
The troll claws you.
* * * LOW HITPOINT WARNING * * *
The troll claws you.
You die...

# .# ### ####.#
#.#######....#
#.....)##)# ..
#.####)@))# #.#
#.# #.T.## .T
#.## #.#.)## .#
#..# #.##))###.#
#
##.###.###..#..#
.# #...#[#
##)#.###.#
###.#<#
#)..#...# #...#
##....# #..##
##...####..


You could see a troll.

Vanquished Creatures
  2 orc warriors (D:8)
  An ice beast (D:6)
  A black bear (D:6)
  The ghost of tyranidshit the Skirmisher, an amateur DsAK of Lugonu (D:4)
  6 ogres
  3 bullfrogs (D:6)
  6 killer bees (D:7)
  5 scorpions
  6 wights (D:8)
  A hound (D:8)
  A jelly (D:5)
  3 orc priests
  5 orc wizards
  A centaur skeleton (D:4)
  A bullfrog skeleton (D:6)
  4 iguanas
  Natasha (thrice) (D:4)
  6 worker ants
  A killer bee zombie (D:5)
  A hound skeleton (D:4)
  A worker ant zombie (D:6)
  A gnoll (D:2)
  14 adders
  A shadow imp (D:8)
  An adder zombie (D:5)
  2 oozes
  2 adder skeletons
  2 worms
  6 leopard geckos
  20 orcs
  A ball python (D:1)
  A giant cockroach (D:5)
  9 goblins (D:1)
  5 hobgoblins
  6 jackals
  2 quokkas
  11 bats
  4 frilled lizards
  5 kobolds
  5 rats
157 creatures vanquished.

Notes
Turn   | Place    | Note
-------+----------+-------------------------------------------
     0 | D:1      | teukkam the Minotaur Berserker began the quest for the Orb.
     0 | D:1      | Reached XP level 1. HP: 19/19 MP: 0/0
   187 | D:1      | Reached skill level 4 in Fighting
   188 | D:1      | Reached XP level 2. HP: 26/27 MP: 1/1
   309 | D:1      | Reached ** piety under Trog
   492 | D:1      | Reached XP level 3. HP: 33/34 MP: 2/2
   867 | D:2      | Reached skill level 5 in Axes
   867 | D:2      | Reached XP level 4. HP: 14/41 MP: 3/3
   966 | D:3      | Found a shattered altar of Ashenzari.
   978 | D:3      | Reached skill level 5 in Fighting
  1168 | D:3      | Reached XP level 5. HP: 26/49 MP: 4/4
  1456 | D:3      | Found a faded altar of an unknown god.
  1474 | D:4      | Noticed tyranidshit's ghost (amateur DsAK)
  1810 | D:4      | Found a shimmering altar of Xom.
  1812 | D:4      | Found an ornate altar of the Wu Jian Council.
  1812 | D:4      | Found a glowing silver altar of Zin.
  1815 | D:4      | Found a basalt altar of Yredelemnul.
  1815 | D:4      | Found a burning altar of Makhleb.
  1815 | D:4      | Found a shattered altar of Ashenzari.
  1857 | D:4      | Reached skill level 6 in Fighting
  1857 | D:4      | Reached skill level 1 in Short Blades
  1871 | D:4      | Reached XP level 6. HP: 55/57 MP: 5/5
  2032 | D:4      | Reached *** piety under Trog
  2220 | D:4      | Killed tyranidshit's ghost
  2220 | D:4      | Reached skill level 7 in Fighting
  2281 | D:4      | Reached XP level 7. HP: 66/66 MP: 6/6
  2301 | D:4      | Noticed Natasha
  2305 | D:4      | Killed Natasha
  2564 | D:4      | Noticed Natasha
  2572 | D:4      | Killed Natasha
  2579 | D:4      | Noticed Natasha
  2592 | D:4      | Killed Natasha
  2592 | D:4      | Reached skill level 8 in Fighting
  2652 | D:4      | Reached skill level 5 in Short Blades
  2659 | D:5      | Entered Level 5 of the Dungeon
  2923 | D:5      | Upgraded the game from 0.21.1-1-g345015f to 0.21.1-68-g103a7af
  3120 | D:5      | Reached **** piety under Trog
  3145 | D:5      | Found an ancient bone altar of Kikubaaqudgha.
  3151 | D:5      | Reached XP level 8. HP: 77/77 MP: 7/7
  3529 | D:6      | Reached skill level 9 in Fighting
  3875 | D:6      | Reached skill level 1 in Crossbows
  3990 | D:6      | Reached skill level 10 in Fighting
  4145 | D:6      | Found a glowing golden altar of the Shining One.
  4359 | D:7      | Received a gift from Trog
  4361 | D:7      | Reached XP level 9. HP: 85/85 MP: 8/8
  4790 | D:8      | Noticed a troll
  4808 | D:8      | HP: 3/86 [troll (3)]
  4808 | D:8      | Slain by a troll

Skill      XL: |  1  2  3  4  5  6  7  8  9 |
---------------+----------------------------+-----
Fighting       | 4 5 6 7 8 10 | 10.9
Axes           | 4 5 |  5.6
Short Blades   | 2 3 5 7 8 |  8.6
Crossbows      | 2 4 |  4.6
Armour         | |  2.4
Dodging        | |  2.1

Action                   |  1- 3 |  4- 6 |  7- 9 || total
-------------------------+-------+-------+-------++-------
Melee: Hand axe          |    62 |    20 |       ||    82
       Headbutt          |     9 |    13 |    37 ||    59
       Short sword       |       |    60 |   114 ||   174
       War axe           |       |     5 |    62 ||    67
       Unarmed           |       |       |    12 ||    12
 Fire: Blowgun           |       |     6 |    30 ||    36
       Hand crossbow     |       |       |     4 ||     4
Invok: Berserk           |     1 |     4 |     6 ||    11
Evoke: Wand              |       |       |     2 ||     2
  Use: Scroll            |     3 |     1 |     5 ||     9
       Potion            |       |     1 |     1 ||     2
 Stab: Sleeping          |     1 |       |       ||     1
  Eat: Chunk             |       |     8 |     8 ||    16
       Ration            |       |       |     2 ||     2
Armor: Animal skin       |     7 |       |       ||     7
       Ring mail         |     8 |       |       ||     8
       Leather armour    |     4 |    26 |    39 ||    69
       Skin              |       |       |     2 ||     2
       Scale mail        |       |       |    15 ||    15
Dodge: Dodged            |    53 |    60 |   113 ||   226
